 Dungeon Crawl Stone Soup version 0.30.1-11-g7821555f0a (webtiles) character file.

Game seed: 8986836048906210441

786 comborobin the Covert (level 7, -8/31 HPs)
             Began as a Spriggan Delver on Dec 4, 2023.
             Was an Initiate of Dithmenos.
             Mangled by a yak (16 damage)
             ... on level 7 of the Dungeon.
             The game lasted 00:03:16 (1020 turns).

comborobin the Covert (Spriggan Delver)             Turns: 1020, Time: 00:03:17

Health: -8/31      AC:  2    Str:  8    XL:     7   Next: 56%
Magic:  8/8        EV: 22    Int: 11    God:    Dithmenos [......]
Gold:   24         SH:  0    Dex: 19    Spells: 6/6 levels left

rFire   . . .        a - +5 short sword (freeze)
rCold   . . .        (no shield)
rNeg    . . .        h - +0 robe
rPois   .            (helmet restricted)
rElec   .            (no cloak)
rCorr   .            (gloves unavailable)
SInv    +            (boots unavailable)
Will    +....        (no amulet)
Stlth   +++++        (no ring)
HPRegen 0.25/turn    (no ring)
MPRegen 0.11/turn

%: no passive effects
@: very quick
A: very small, no large weapons, unfitting armour, see invisible, speed 3,
hooves 1, horns 1, frail 1
a: Renounce Religion


You were on level 7 of the Dungeon.
You worshipped Dithmenos.
Dithmenos was noncommittal.
You visited 2 branches of the dungeon, and saw 5 of its levels.

You collected 24 gold pieces.

Inventory:

Hand Weapons
 a - a +5 short sword of freezing (weapon)
 b - a +0 whip of venom
 c - a +0 rapier
 m - a +0 dagger
Armour
 h - a +0 robe (worn)
Wands
 g - a wand of digging (1)
Scrolls
 d - a scroll of magic mapping
 e - a scroll of fear
 k - a scroll of fog
 l - a scroll of teleportation {unknown}


   Skills:
 - Level 2.4 Fighting
 + Level 5.7 Short Blades
 + Level 7.0 Dodging
 + Level 10.4 Stealth


You had 6 spell levels left.
You didn't know any spells.
Your spell library was empty.

Dungeon Overview and Level Annotations

Branches:
Dungeon (7/15)             Temple (1/1) D:6

Altars:
Cheibriados
Dithmenos
Elyvilon
Fedhas
Hepliaklqana
Nemelex Xobeh
Trog
Vehumet
Xom

Shops:
D:6 ?


Innate Abilities, Weirdness & Mutations

You are very small and have problems with some larger weapons.
You are too small for most types of armour.
You have supernaturally acute eyesight. (SInv)
You cover ground extremely quickly. (Speed+++)
You have large cloven feet.
You have a pair of small horns on your head.
You are frail. (-10% HP)


Message History

You hit the yak. You freeze the yak. You kick the yak, but do no damage.
The yak is severely wounded.
The yak misses you.
You barely miss the yak. You kick the yak, but do no damage.
The yak is severely wounded.
You hit the yak. You freeze the yak.
The yak is almost dead.
The yak barely misses you.
You hit the yak. You freeze the yak.
You kill the yak!
Dithmenos accepts your kill.
Your Dodging skill increases to level 7!
You see here a yak corpse.
There is an escape hatch in the floor here.
You slide downwards.
The hatch slams shut behind you.
Your extra speed is starting to run out.
You feel yourself slow down.
HP restored.
You now have 24 gold pieces (gained 5).
A yak is nearby!
No target in view!
No target in view!
No target in view!
You see here a +0 robe.
The gnoll shouts!
You hear a shout!
The yak bellows!
The yak gores you but does no damage. The gnoll closely misses you.
You hit the yak. You freeze the yak. Your headbutt misses the yak.
The yak is lightly wounded.
You hit the yak. You freeze the yak. Your headbutt misses the yak.
The yak is moderately wounded.
The gnoll hits you from afar with a +0 halberd!
You puncture the yak! You freeze the yak.
The yak is heavily wounded.
The yak gores you!
* * * LOW HITPOINT WARNING * * *
The gnoll completely misses you. The yak gores you!
Ouch! That really hurt!
You die...

### ### #.......'...+
g.g. .. #...[...#...#
#..####. ##.....##...#
#.[g[.#.####[...##z..###
#)<#..##.####.#.....#
####..#.....##.#.##.#
#.....g...z..#....#.#
#.###.##..#.....>.# .
#....###Y@#z..........
###..# ##.#..##....##.#
#.<#.# #.#.....#.##
##.#.# #.#.###.#.. ..#..
..#. #.#### ####### ###
..#


You could see a yak, a wight and a gnoll.

Vanquished Creatures
  2 yaks (D:6)
  A sky beast (D:6)
  A bullfrog (D:6)
  A scorpion (D:6)
  2 wights (D:7)
  A howler monkey (D:4)
  A hound (D:4)
  A gnoll bouda (D:7)
  An orc wizard (D:4)
  3 gnolls
  An adder (D:4)
  A shadow imp (D:6)
  5 orcs
  2 hobgoblins (D:4)
  2 kobolds (D:4)
25 creatures vanquished.

Notes
Turn   | Place    | Note
-------+----------+-------------------------------------------
     0 | D:5      | comborobin the Spriggan Delver began the quest for the Orb.
     0 | D:5      | Reached XP level 1. HP: 11/11 MP: 2/2
     7 | D:4      | Reached XP level 2. HP: 16/16 MP: 3/3
    72 | D:4      | Reached XP level 3. HP: 9/19 MP: 4/4
   146 | D:4      | Reached skill level 8 in Stealth
   146 | D:4      | Reached XP level 4. HP: 20/23 MP: 5/5
   287 | D:5      | Noticed a phantom
   316 | D:6      | Found Zouz's Magic Scroll Boutique.
   343 | D:6      | Noticed a sky beast
   360 | D:6      | Noticed a scorpion
   366 | D:6      | Killed a scorpion
   367 | D:6      | Reached XP level 5. HP: 27/27 MP: 6/6
   371 | D:6      | Found a staircase to the Ecumenical Temple.
   377 | Temple   | Entered the Ecumenical Temple
   488 | Temple   | Became a worshipper of Dithmenos the Shadowed
   536 | D:6      | Found a blossoming altar of Fedhas.
   568 | D:7      | Noticed a yak
   570 | D:7      | Noticed a yak
   571 | D:7      | Reached skill level 5 in Dodging
   606 | D:7      | Reached skill level 9 in Stealth
   606 | D:7      | Reached XP level 6. HP: 32/32 MP: 7/7
   720 | D:7      | Noticed a yak
   806 | D:6      | Killed a sky beast
   881 | D:6      | Reached skill level 5 in Short Blades
   919 | D:6      | Gained mutation: You have large cloven feet. [potion of
                  | mutation]
   919 | D:6      | Gained mutation: You have a pair of small horns on your
                  | head. [potion of mutation]
   919 | D:6      | Gained mutation: You are frail. (-10% HP) [potion of
                  | mutation]
   927 | D:6      | Killed a yak
   928 | D:6      | Reached skill level 10 in Stealth
   928 | D:6      | Reached XP level 7. HP: 17/31 MP: 8/8
   932 | D:6      | Killed a yak
  1020 | D:7      | Mangled by a yak

Illustrated notes

Levels and vault maps discovered:
D:4:      layout_cave_pods, nicolae_yredelemnul_corpse_copse,
          nicolae_gozag_cash_rules_everything_around_me
D:5:      layout_basic, nicolae_tso_swordbearing_angel, lemuel_tele_altar,
          uniq_eustachio
D:6:      layout_rooms, mainiacjoe_overflow_surrounded_room,
          minmay_temple_entry_enclosed_plants, serial_shops, shop,
          serial_park_tiny_1, minmay_fractal_squares_5
D:7:      kennysheep_six_static_rooms, layout_basic,
          mainiacjoe_overflow_big_doors, mainiacjoe_overflow_swirl,
          roderic_serpentine_path, minivault_27
Temple:   nicolae_temple_superstar

Skill      XL: |  1  2  3  4  5  6  7 |
---------------+----------------------+-----
Dodging        | 3 4 5 6 7 |  7.0
Short Blades   | 3 4 5 |  5.7
Stealth        | 8 9 10 | 10.4
Fighting       | |  2.4

Action                     |  1- 3 |  4- 6 |  7- 9 || total
---------------------------+-------+-------+-------++-------
  Melee: Short sword       |    13 |    34 |     8 ||    55
         Whip              |    13 |    26 |       ||    39
         Punch             |     2 |       |       ||     2
         Dagger            |       |    14 |       ||    14
         Kick              |       |     1 |     3 ||     4
         Headbutt          |       |     1 |     1 ||     2
  Evoke: Wand              |       |     2 |       ||     2
    Use: Scroll            |       |     1 |       ||     1
         Potion            |       |     3 |       ||     3
   Stab: Sleeping          |     1 |     6 |       ||     7
 Armour: Robe              |     4 |     5 |     1 ||    10
  Dodge: Dodged            |    35 |    74 |     4 ||   113
